 Dungeon Crawl Stone Soup version 0.30-a0-1050-g2766ea1e55 (webtiles) character file.

Game seed: 17409043696774704076

17273 Lavandula the Slicer (level 12, -1/91 HPs)
             Began as a Demonspawn Gladiator on Apr 11, 2023.
             Was a Believer of Makhleb.
             Splashed by a brown ugly thing's acid (6 damage)
             ... on level 12 of the Dungeon.
             The game lasted 00:32:22 (10985 turns).

Lavandula the Slicer (Demonspawn Gladiator)        Turns: 10985, Time: 00:32:22

Health: -1/91      AC:  9    Str: 20    XL:     12   Next: 17%
Magic:  12/12      EV: 16    Int: 15    God:    Makhleb [**....]
Gold:   678        SH:  0    Dex: 16    Spells: 11/11 levels left

rFire   . . .      SeeInvis .    O - +2 dagger (elec)
rCold   . . .      Faith    .    (no shield)
rNeg    . . .      Spirit   .    T - +4 robe of Yesterday {Str+2 Int+3}
rPois   .          Reflect  .    c - +0 helmet
rElec   .          Rampage  .    A - +0 cloak
rCorr   .                        h - +0 pair of gloves
Will    +....                    (no boots)
Stlth   ++                       r - amulet of regeneration
HPRegen 1.15/turn                J - ring of willpower
MPRegen 0.13/turn                (no ring)

@: no status effects
A: hooves 2, thin skeletal structure 1, foul stench 1, powered by pain 1
a: Renounce Religion, Minor Destruction


You were on level 12 of the Dungeon.
You worshipped Makhleb.
Makhleb was pleased with you.
You visited 2 branches of the dungeon, and saw 14 of its levels.
You also visited: Ice Cave.

You collected 678 gold pieces.

Inventory:

Hand Weapons
 e - a +5 falchion
 o - a +0 long sword
 x - a +2 dagger of draining
 B - a +1 dagger of venom
 O - a +2 dagger of electrocution (weapon)
Missiles
 d - 2 curare-tipped darts
 q - a datura-tipped dart
 u - 11 poisoned darts (quivered)
 G - a javelin
 M - 5 silver javelins
Armour
 a - a +1 ring mail of willpower
 c - a +0 helmet (worn)
 h - a +0 pair of gloves (worn)
 A - a +0 cloak (worn)
 C - a +1 leather armour of poison resistance
 T - the +4 robe of Yesterday (worn) {Str+2 Int+3}
   (You found it on level 11 of the Dungeon)

   Str:       It affects your strength (+2).
   Int:       It affects your intelligence (+3).
Jewellery
 r - an amulet of regeneration (around neck)
 H - a ring of fire
 J - a ring of willpower (left hand)
 K - a ring of positive energy
Scrolls
 j - 17 scrolls of identify {unknown}
 l - 7 scrolls of teleportation {unknown}
 m - 8 scrolls of magic mapping {unknown}
 n - 3 scrolls of poison {unknown}
 s - 2 scrolls of acquirement {unknown}
 z - 3 scrolls of amnesia {unknown}
 D - a scroll of enchant weapon {unknown}
 F - a scroll of fear {unknown}
 I - 2 scrolls of immolation {unknown}
 L - 3 scrolls of fog {unknown}
 P - a scroll of enchant armour {unknown}
 Q - a scroll of brand weapon {unknown}
 R - a scroll of noise {unknown}
 S - 2 scrolls of blinking {unknown}
Potions
 b - 4 potions of curing {unknown}
 f - a potion of degeneration {unknown}
 g - a potion of attraction {unknown}
 i - a potion of heal wounds {unknown}
 k - 3 potions of flight {unknown}
 p - 2 potions of brilliance {unknown}
 t - 3 potions of mutation {unknown}
 v - 2 potions of haste {unknown}
 w - 2 potions of cancellation {unknown}
 E - a potion of resistance {unknown}
 N - 3 potions of ambrosia
 U - 2 potions of invisibility {unknown}
 V - a potion of magic {unknown}


   Skills:
 - Level 7.3 Fighting
 - Level 9.7(11.1) Short Blades
 + Level 8.8(10.7) Long Blades
 - Level 9.4 Throwing
 - Level 8.0 Dodging


You had 11 spell levels left.
You didn't know any spells.
Your spell library contained the following spells:

 Spells                   Type           Power      Damage    Failure   Level
 Apportation              Tloc           0%         N/A       26%         1
 Necrotise                Necr           0%         1d4       26%         1
 Sandblast                Erth           0%         2d4       26%         1
 Summon Small Mammal      Summ           0%         N/A       26%         1
 Lesser Beckoning         Tloc           0%         N/A       38%         2
 Passwall                 Tmut/Erth      0%         N/A       38%         2
 Gell's Gravitas          Tloc           0%         N/A       63%         3
 Portal Projectile        Hex/Tloc       0%         N/A       63%         3
 Stone Arrow              Conj/Erth      0%         3d7       63%         3
 Teleport Other           Tloc           0%         N/A       63%         3
 Tukima's Dance           Hex            0%         N/A       63%         3
 Vhi's Electric Charge    Tloc/Air       0%         N/A       63%         3
 Arcjolt                  Conj/Air       0%         1d10      100%        5
 Blade Hands              Tmut           0%         N/A       100%        5
 Summon Forest            Summ/Tloc      0%         N/A       100%        5
 Summon Mana Viper        Hex/Summ       0%         N/A       100%        5
 Plasma Beam              Fire/Air       0%         2x1d11    100%        6
 Summon Cactus Giant      Summ           0%         N/A       100%        6


Dungeon Overview and Level Annotations

Branches:
Dungeon (13/15)            Temple (1/1) D:6            Lair (0/5) D:11
  IceCv (visited)
    Orc: D:9-12      Vaults: D:13-14

Altars:
Ashenzari
Cheibriados
Dithmenos
Fedhas
Gozag
Hepliaklqana
Kikubaaqudgha
Makhleb
Nemelex Xobeh
Okawaru
Qazlal
Ru
Sif Muna
Trog
Uskayaw
Vehumet
Wu Jian
Xom
Yredelemnul

Shops:
D:2 =   D:6 (   D:10 !(*

Annotations:
D:13 Nessos


Innate Abilities, Weirdness & Mutations

You have hoof-like feet.
You have a somewhat thin skeletal structure. (Dex +2, Stealth+)
You may rarely emit foul miasma when damaged in melee.
You sometimes gain a little power by taking damage.


Message History

The arrow hits you!
* * * LOW HITPOINT WARNING * * *
The brown ugly thing trunk-slaps you.
* * * LOW HITPOINT WARNING * * *
You are splashed with acid!
* * * LOW HITPOINT WARNING * * *
You climb upwards.
Found 8 stones.
There is a stone staircase leading down here.
Okay, then.
Unknown command.
You aren't carrying any items that you can evoke.
Unknown command.
Unknown command.
You don't know any spells.
Unknown command.
Unknown command.
Throw: 2 darts (datura)
Press: ? - help, Shift-Dir - straight line, f - howler monkey
Aim: a howler monkey (64% to hit, chance to frenzy on hit: 90%)
You throw a datura-tipped dart.
The datura-tipped dart hits the howler monkey!
The howler monkey flies into a frenzy!
The howler monkey hits you.
* * * LOW HITPOINT WARNING * * *
The howler monkey hits you but does no damage.
The howler monkey barely misses the brown ugly thing. x2
Unknown command.
You aren't carrying any items that you can evoke.
Unknown command.
Unknown command.
Unknown command.
The howler monkey hits the brown ugly thing.
The brown ugly thing barely misses you.
Unknown command.
The brown ugly thing attacks as you move away!
The brown ugly thing trunk-slaps you.
* * * LOW HITPOINT WARNING * * *
You are splashed with acid.
You die...

..
...............
...............
...............
...............
...............
..........(..#
............#
.......@...#
.......u...#
.......h..##
#......>.##
#.......##
#.#..#### . ###


You could see a brown ugly thing and a neutral howler monkey (fast, strong,
insane, distracted).

Vanquished Creatures
  3 two-headed ogres
  4 death yaks (IceCv)
  Sonja (D:11)
  An ugly thing (D:12)
  A manticore (D:12)
  2 rime drakes
  A queen bee (D:10)
  4 polar bears (IceCv)
  2 trolls
  4 slime creatures (D:12)
  A shadow (D:11)
  A vampire (D:11)
  3 wraiths
  A fire bat (shapeshifter) (D:11)
  14 yaks
  2 vampire mosquitoes (D:11)
  An acid dragon (D:12)
  A water moccasin (D:7)
  3 orc warriors
  Duvessa (D:4)
  4 ice beasts
  A sky beast (D:7)
  A black bear (D:7)
  2 ogres
  2 centaurs (D:8)
  7 wolves
  A phantom (D:5)
  A kobold brigand (D:5)
  6 bullfrogs
  2 scorpions
  A two-headed ogre simulacrum (D:11)
  8 wights
  Dowan (D:4)
  44 killer bees
  3 howler monkeys
  7 orc priests
  A gnoll bouda (D:7)
  3 hounds
  An iguana (D:7)
  11 orc wizards
  A troll simulacrum (D:11)
  A spriggan simulacrum (D:11)
  7 adders
  7 gnolls
  A white imp (D:7)
  3 ufetubi
  A worm (D:4)
  5 dart slugs
  45 orcs
  10 ball pythons
  3 bats (D:2)
  2 endoplasms
  7 giant cockroaches
  6 goblins
  6 hobgoblins
  2 quokkas
  3 frilled lizards
  12 kobolds
  2 rats
282 creatures vanquished.

Notes
Turn   | Place    | Note
-------+----------+-------------------------------------------
     0 | D:1      | Lavandula the Demonspawn Gladiator began the quest for the
                  | Orb.
     0 | D:1      | Reached XP level 1. HP: 16/16 MP: 1/1
   349 | D:1      | Gained mutation: You may rarely emit foul miasma when
                  | damaged in melee. [demonic ancestry]
   349 | D:1      | Reached XP level 2. HP: 22/22 MP: 2/2
   552 | D:1      | Found a faded altar of an unknown god.
  1273 | D:2      | Reached skill level 1 in Short Blades
  1295 | D:2      | Reached XP level 3. HP: 24/27 MP: 3/3
  1551 | D:2      | Found Focufyla's Jewellery Emporium.
  1934 | D:3      | Gained mutation: You have large cloven feet. [demonic
                  | ancestry]
  1934 | D:3      | Reached XP level 4. HP: 34/34 MP: 4/4
  1956 | D:3      | Found a hide-covered altar of Uskayaw.
  2269 | D:3      | Found a bloodstained altar of Trog.
  2741 | D:4      | Noticed a scorpion
  2751 | D:4      | Killed a scorpion
  2752 | D:4      | Reached XP level 5. HP: 43/43 MP: 5/5
  2964 | D:4      | Noticed Dowan
  2965 | D:4      | Noticed Duvessa
  2975 | D:4      | Killed Duvessa
  2976 | D:4      | Reached skill level 5 in Fighting
  2976 | D:4      | Reached XP level 6. HP: 33/51 MP: 6/6
  2996 | D:4      | Killed Dowan
  3517 | D:5      | Entered Level 5 of the Dungeon
  3600 | D:5      | Gained mutation: You sometimes gain a little power by
                  | taking damage. [demonic ancestry]
  3600 | D:5      | Reached XP level 7. HP: 59/59 MP: 7/7
  4350 | D:6      | Noticed a two-headed ogre
  4363 | D:6      | Killed a two-headed ogre
  4364 | D:6      | Reached XP level 8. HP: 20/65 MP: 8/8
  4435 | D:6      | Found a staircase to the Ecumenical Temple.
  4447 | Temple   | Entered the Ecumenical Temple
  4624 | D:6      | You fall into a shaft and drop 2 floors!
  4926 | D:7      | Gained mutation: You have hoof-like feet. [demonic
                  | ancestry]
  4926 | D:7      | Reached XP level 9. HP: 69/71 MP: 9/9
  4954 | D:7      | Found a shadowy altar of Dithmenos.
  4998 | D:6      | Found Loyvorug's Weapon Shop.
  6239 | D:7      | Reached skill level 5 in Dodging
  6960 | D:9      | Reached XP level 10. HP: 68/77 MP: 10/10
  7686 | D:10     | Entered Level 10 of the Dungeon
  7701 | D:10     | Found Astof's Distillery.
  7719 | D:10     | Found Uhipn's Antique Weapon Emporium.
  7742 | D:10     | Noticed a two-headed ogre
  7863 | D:10     | Killed a two-headed ogre
  7864 | D:10     | Reached skill level 5 in Long Blades
  7893 | D:10     | Found a shimmering blue altar of Sif Muna.
  8377 | D:10     | Found Geseo's Assorted Antiques.
  8672 | D:10     | Found a burning altar of Makhleb.
  8673 | D:10     | Found an ancient bone altar of Kikubaaqudgha.
  8680 | D:10     | Became a worshipper of Makhleb the Destroyer
  8861 | D:10     | Gained mutation: You have a somewhat thin skeletal
                  | structure. (Dex +2, Stealth+) [demonic ancestry]
  8861 | D:10     | Reached XP level 11. HP: 62/84 MP: 11/11
  9085 | D:11     | Found a staircase to the Lair.
  9196 | D:11     | Identified the +4 robe of Yesterday {Str+2 Int+3}
  9232 | D:11     | Found a frozen archway.
  9277 | IceCv    | Entered an ice cave
  9282 | IceCv    | Reached * piety under Makhleb
  9283 | IceCv    | Reached skill level 5 in Throwing
  9314 | IceCv    | Noticed a death yak
  9342 | IceCv    | Noticed a death yak
  9344 | IceCv    | Killed a death yak
  9372 | IceCv    | Killed a death yak
  9486 | IceCv    | Noticed a death yak
  9498 | IceCv    | Killed a death yak
  9512 | IceCv    | Noticed a death yak
  9532 | IceCv    | Killed a death yak
  9858 | D:11     | Noticed Sonja
  9921 | D:11     | Noticed a two-headed ogre
  9967 | D:11     | Killed a two-headed ogre
 10240 | D:11     | Killed Sonja
 10241 | D:11     | Reached XP level 12. HP: 32/91 MP: 12/12
 10370 | D:11     | Reached ** piety under Makhleb
 10976 | D:13     | Noticed a centaur warrior
 10978 | D:13     | Noticed Nessos
 10985 | D:12     | Splashed by a brown ugly thing's acid

Illustrated notes

Levels and vault maps discovered:
D:1:      sevenhm_arrival_forest_fort_small_4, layout_basic,
          hellmonk_ecumenical_altar_prayer_group
D:2:      minmay_evil_eye, layout_loops_ring, serial_shops,
          nicolae_shop_statue_plus, kennysheep_generic_room_9
D:3:      layout_basic, mainiacjoe_overflow_brackets,
          nicolae_overflow_crystal_walls, chequers_serial_rivers_micro_e
D:4:      layout_basic, hangedman_decor_lopped, kennysheep_generic_room_13,
          uniq_duvessa
D:5:      layout_loops_ring
D:6:      layout_loops_corners, minmay_temple_entry_proselytizer, serial_shops,
          shop, abandoned_shop
D:7:      layout_rooms, grunt_dithmenos_smoke_and_mirrors
D:8:      layout_rooms
D:9:      layout_rooms, kennysheep_generic_room_7
D:10:     layout_cave_pools, minitemple, lemuel_round_altar, special_room
          [special_room_bee], serial_shops, nicolae_shop_waterfront, shop,
          nicolae_shop_trees
D:11:     layout_roguey, hellmonk_lair_entry_icy,
          portal_ice_cave_entry_ice_simulacra, patterned_corridor, uniq_sonja
D:12:     layout_cave_pods, orc_david_3, serial_park, serial_park_square1
          [serial_park_minivault_5x5_3], serial_park_paths
          [serial_park_minivault_5x5_1], kennysheep_generic_room_16
D:13:     layout_cave_pools, grunt_vaults_entry_tiered, gauntlet_entry_generic,
          uniq_nessos, uniq_kirke
Temple:   nicolae_temple_bog_church

Skill      XL: |  1  2  3  4  5  6  7  8  9 10 11 12 |
---------------+-------------------------------------+-----
Long Blades    | 3 7 8 |  8.8
Short Blades   | 1 2 7 8 9 |  9.7
Fighting       | 4 5 6 7 |  7.3
Dodging        | 6 8 |  8.0
Throwing       | 2 9 |  9.4

Action                     |  1- 3 |  4- 6 |  7- 9 | 10-12 || total
---------------------------+-------+-------+-------+-------++-------
  Melee: Long sword        |    29 |       |    18 |       ||    47
         Dagger            |    98 |   109 |   369 |   546 ||  1122
         Punch             |     1 |       |     8 |     5 ||    14
         Kick              |       |    42 |   171 |   194 ||   407
         Falchion          |       |       |   104 |    24 ||   128
  Throw: Throwing net      |       |     3 |     2 |     2 ||     7
         Dart              |       |     9 |     4 |    43 ||    56
         Javelin           |       |       |     1 |    20 ||    21
  Evoke: Wand              |       |       |     2 |    13 ||    15
   Stab: Sleeping          |     1 |       |       |     3 ||     4
         Held in net/web   |       |       |     1 |       ||     1
 Armour: Chain mail        |    72 |    28 |       |       ||   100
         Scale mail        |       |     1 |       |       ||     1
         Ring mail         |       |    11 |   178 |    56 ||   245
         Robe              |       |       |       |    40 ||    40
  Dodge: Dodged            |    48 |    36 |   231 |   336 ||   651

Table legend: (Time is in decaauts)
 A = Elapsed time spent in this place.
 B = Non-inter-level travel time spent in this place.
 C = Inter-level travel time spent in this place.
 D = Time resting spent in this place.
 E = Time spent auto-exploring this place.
 F = Levels seen in this place.
 G = Mean time per level.
                   A        B        C        D        E       F      G
               +--------+--------+--------+--------+--------+-----+--------+
         Total |  10564 |   9932 |    632 |    701 |   6586 |  15 |  704.3 |
       Dungeon |  10021 |   9394 |    627 |    633 |   6270 |  13 |  770.8 |
        Temple |    174 |    169 |      5 |      0 |    156 |   1 |  174.0 |
      Ice Cave |    368 |    368 |      0 |     68 |    160 |   1 |  368.0 |
               +--------+--------+--------+--------+--------+-----+--------+

Top non-repeatable levels by time:
     D:6: 1169 daAuts
    D:11: 1133 daAuts
     D:9: 1118 daAuts
     D:1: 1010 daAuts
     D:4: 927 daAuts
     D:3: 909 daAuts
    D:10: 837 daAuts
     D:5: 736 daAuts
     D:2: 689 daAuts
     D:7: 568 daAuts
     D:8: 541 daAuts
    D:12: 375 daAuts
   IceCv: 368 daAuts
  Temple: 174 daAuts
    D:13: 3 daAuts
